 Dungeon Crawl Stone Soup version 0.28-a0-1485-g077359a4bf (webtiles) character file.

Game seed: 4765159781843890013

523 kae the Changer (level 7, -2/60 (62) HPs)
             Began as a Yellow Draconian Transmuter on Jan 11, 2022.
             Slain by a wight (13 damage)
             ... on level 5 of the Dungeon.
             The game lasted 00:03:24 (5142 turns).

kae the Changer (Yellow Draconian Transmuter)       Turns: 5142, Time: 00:03:25

HP:   -2/60 (62)    AC:  7    Str: 10    XL:     7   Next: 2%
MP:   18/21         EV: 10    Int: 21    God:
Gold: 249           SH:  0    Dex: 11    Spells: 5/13 levels left

rFire   x . .      SeeInvis .     - Unarmed
rCold   + + +      Faith    .   (shield currently unavailable)
rNeg    + . .      Spirit   .   (armour unavailable)
rPois   +          Reflect  .   (helmet currently unavailable)
rElec   +          Harm     .   (cloak currently unavailable)
rCorr   .          Rampage  .   (gloves currently unavailable)
Will    .....                   (boots currently unavailable)
Stlth   +.........              (no amulet)
HPRegen 0.20/turn               a - ring "Sop Ypt" {Contam Fly rPois rC++ MP+9}
MPRegen 0.17/turn               h - ring of Yssir {rElec rPois rN+ Str-2 Int+5}

@: ice-form, flying, lightly drained
A: freezing attack, amphibious, boosted hp, (spit acid), AC +6, large, unfitting
armour, (cold-blooded), (acid resistance)
a: End Transformation


You were on level 5 of the Dungeon.
You were a creature of crystalline ice.
You visited 2 branches of the dungeon, and saw 6 of its levels.

You collected 249 gold pieces.

Inventory:

Jewellery
 a - the ring "Sop Ypt" (left front paw) {Contam Fly rPois rC++ MP+9}
   (You acquired it on level 4 of the Dungeon)

   [ring of flight]

   rC:        It greatly protects you from cold.
   rPois:     It protects you from poison.
   MP:        It affects your magic capacity (+9).
   Fly:       It grants you flight.
   Contam:    It causes magical contamination when unequipped.
 c - a +4 ring of protection
 d - a ring of ice
 h - the ring of Yssir (right front paw) {rElec rPois rN+ Str-2 Int+5}
   (You acquired it on level 4 of the Dungeon)

   [ring of positive energy]

   Str:       It affects your strength (-2).
   Int:       It affects your intelligence (+5).
   rElec:     It insulates you from electricity.
   rPois:     It protects you from poison.
   rN:        It protects you from negative energy.
Wands
 e - a wand of acid (12)
Scrolls
 j - a scroll of teleportation
Potions
 b - 2 potions of brilliance {unknown}
 g - a potion of flight {unknown}
 i - 2 potions of mutation {unknown}
 l - a potion of cancellation {unknown}


   Skills:
 - Level 1.1 Fighting
 - Level 1.7 Dodging
 - Level 3.0 Unarmed Combat
 + Level 3.7 Spellcasting
 * Level 5.4 Transmutations
 * Level 3.5 Ice Magic
 - Level 1.0 Poison Magic


You had 5 spell levels left.
You knew the following spells:

 Your Spells              Type           Power      Damage    Failure   Level
a - Beastly Appendage     Tmut           52%        N/A       1%          1
b - Spider Form           Tmut/Pois      17%        N/A       10%         3
c - Ice Form              Ice/Tmut       22%        N/A       21%         4

Your spell library contained the following spells:

 Spells                   Type           Power      Damage    Failure   Level
 Wereblood                Tmut           26%        N/A       1%          2
 Sting                    Tmut/Pois      68%        1d6       3%          1
 Passwall                 Tmut/Erth      12%        N/A       6%          2
 Ensorcelled Hibernation  Hex/Ice        22%        N/A       9%          2
 Ozocubu's Armour         Ice            18%        N/A       9%          3
 Swiftness                Air            3%         N/A       36%         3
 Blade Hands              Tmut           13%        N/A       36%         5
 Petrify                  Tmut/Erth      15%        N/A       38%         4
 Yara's Violent Unravell  Hex/Tmut       7%         3d5       75%         5
 Metabolic Englaciation   Hex/Ice        5%         N/A       86%         5
 Conjure Ball Lightning   Conj/Air       1%         3x3d6     100%        6
 Simulacrum               Ice/Necr       5%         N/A       100%        6
 Necromutation            Tmut/Necr      7%         N/A       100%        8


Dungeon Overview and Level Annotations

Branches:
Dungeon (5/15)             Temple (1/1) D:4

Altars:
Ashenzari
Cheibriados
Elyvilon
Hepliaklqana
Kikubaaqudgha
Nemelex Xobeh
Okawaru
Qazlal
Vehumet
Wu Jian
Xom
Zin


Innate Abilities, Weirdness & Mutations

You are a creature of crystalline ice.
You have a powerful freezing melee attack.
You are amphibious.
Your maximum health is increased.
Your armour is entirely melded.
You are incapable of wielding weapons or throwing items.
((You can spit globs of acid.))
((Your golden yellow scales are hard. (AC +6)))
You cannot fit into any form of body armour.
((You are cold-blooded and may be slowed by cold attacks.))
((You are resistant to acid. (rCorr)))


Message History

A wight comes into view.
It is wielding a +5 dire flail of freezing.
You barely miss the wight. The wight barely misses you.
You punch the wight!
The wight is severely damaged.
The wight hits you with a +0 scimitar. You partially resist.
You feel drained.
You hit the wight but do no damage.
The wight is severely damaged.
You barely miss the wight.
The wight is severely damaged.
The wight hits you but does no damage.
The wight hits you with a +5 dire flail of freezing!
You partially resist.
You feel drained.
You hit the wight but do no damage.
The wight is severely damaged.
The wight hits you with a +0 scimitar!
The wight hits you with a +5 dire flail of freezing.
You are too injured to fight recklessly!
You are too injured to fight recklessly!
You are too injured to fight recklessly!
You are too injured to fight recklessly!
You are too injured to fight recklessly!
You hit the wight.
You destroy the wight!
The wight hits you with a +5 dire flail of freezing.
* * * LOW HITPOINT WARNING * * *
You partially resist.
You feel drained.
* * * LOW HITPOINT WARNING * * *
You have reached level 7!
Your scales start taking on a golden yellow colour.
You can spit globs of acid.
You feel resistant to acid.
You punch the wight!
The wight is heavily damaged.
The wight hits you with a +5 dire flail of freezing.
* * * LOW HITPOINT WARNING * * *
You partially resist.
You feel drained.
You hit the wight.
The wight is severely damaged.
The wight hits you with a +5 dire flail of freezing!
You die...

..................
##....).......(.........
........................
........................
.......................(
.......?................
.......................
#.)z!.##:##.........
#..Y..##+##......)..
#.....)......P......
##+#+#.......÷P≈≈.P.
#....PP..≈≈≈≈..
#.....P.≈≈≈≈≈≈P
#...P..≈≈≈≈≈≈≈♣
#......≈≈≈≈≈≈≈≈
.#.....≈≈≈≈≈≈≈≈≈
#.....P≈≈.≈≈≈≈≈≈P


You could see a wight.

Vanquished Creatures
  Grinder (D:3)
  3 wights (D:5)
  2 iguanas
  5 gnolls
  5 adders
  A white imp (D:4)
  An ufetubus (D:5)
  2 worms (D:2)
  2 orcs (D:3)
  3 ball pythons
  3 endoplasms
  2 giant cockroaches (D:1)
  5 goblins
  6 hobgoblins
  9 kobolds
  A quokka (D:3)
  4 bats
  3 frilled lizards
  4 rats
62 creatures vanquished.

Vanquished Creatures (others)
  A fungus (D:3)
1 creature vanquished.

Grand Total: 63 creatures vanquished

Notes
Turn   | Place    | Note
-------+----------+-------------------------------------------
     0 | D:1      | kae the Draconian Transmuter began the quest for the Orb.
     0 | D:1      | Reached XP level 1. HP: 16/16 MP: 3/3
   231 | D:1      | Reached XP level 2. HP: 19/23 MP: 3/5
   311 | D:1      | Found a faded altar of an unknown god.
   485 | D:1      | Reached skill level 3 in Transmutations
   568 | D:1      | Reached XP level 3. HP: 7/28 MP: 6/6
   572 | D:1      | Learned a level 3 spell: Spider Form
  1383 | D:1      | Reached skill level 1 in Poison Magic
  1598 | D:2      | Reached XP level 4. HP: 33/35 MP: 4/8
  1838 | D:2      | Learned a level 4 spell: Ice Form
  2494 | D:2      | Reached skill level 4 in Transmutations
  2680 | D:3      | Found an ancient bone altar of Kikubaaqudgha.
  2828 | D:3      | Noticed Grinder
  2833 | D:3      | Reached skill level 1 in Ice Magic
  2841 | D:3      | Killed Grinder
  2842 | D:3      | Reached XP level 5. HP: 10/40 MP: 5/10
  2842 | D:3      | Reached XP level 6. HP: 12/47 MP: 5/11
  3303 | D:3      | Found a broken altar of Ashenzari.
  3713 | D:4      | Identified 3 scrolls of acquirement
  3713 | D:4      | Acquired the ring "Sop Ypt" {Contam Fly rPois rC++ MP+9}
  3814 | D:4      | Found an iron altar of Okawaru.
  3953 | D:4      | Found a staircase to the Ecumenical Temple.
  4557 | Temple   | Entered the Ecumenical Temple
  4642 | D:4      | Acquired the ring of Yssir {rElec rPois rN+ Str-2 Int+5}
  4644 | D:4      | Acquired Cythu's Volume of Aerial Moulding
  4726 | D:5      | Entered Level 5 of the Dungeon
  4736 | D:5      | Reached skill level 5 in Transmutations
  5141 | D:5      | Your scales start taking on a golden yellow colour.
  5141 | D:5      | Reached XP level 7. HP: 16/51 MP: 12/12
  5141 | D:5      | Gained mutation: You are resistant to acid. (rCorr) [Yellow
                  | Draconian growth]
  5142 | D:5      | Slain by a wight

Illustrated notes

Levels and vault maps discovered:
D:1:      wander_arrival_fairy_ring, layout_loops_cross,
          ebering_ecumenical_altar_box, amcnicky_mini_corridor_feature
D:2:      layout_basic
D:3:      layout_basic, nicolae_overflow_hidden_temple, ashenzari_altar_1,
          uniq_crazy_yiuf_cottage, uniq_grinder
D:4:      layout_loops_ring, okawaru_ov_weapons_minmay,
          minmay_temple_entry_stoned_glass, chequers_avenue
D:5:      wander_guarded_unrand_ratskin, layout_basic, lemuel_crystal_altar,
          guppyfry_early_lair_pool, uniq_pikel
Temple:   dpeg_three_leaves_temple

Skill      XL: |  1  2  3  4  5  6 |
---------------+-------------------+-----
Transmutations | 3 4 5 |  5.4
Poison Magic   | 1 |  1.0
Spellcasting   | 3 |  3.7
Ice Magic      | 2 3 |  3.5
Fighting       | |  1.1
Dodging        | |  1.7
Unarmed Combat | |  3.0

Action                   |  1- 3 |  4- 6 |  7- 9 || total
-------------------------+-------+-------+-------++-------
Melee: Unarmed           |    86 |   122 |     2 ||   210
       Headbutt          |     8 |     7 |       ||    15
       Kick              |    11 |    12 |       ||    23
       Tailslap          |     5 |     7 |       ||    12
       Punch             |     2 |     2 |       ||     4
 Cast: Beastly Appendage |    14 |    21 |       ||    35
       Spider Form       |     3 |     8 |       ||    11
       Ice Form          |       |     3 |       ||     3
  Use: Scroll            |     1 |    10 |       ||    11
 Stab: Sleeping          |     1 |       |       ||     1
Armor: Skin              |    28 |    25 |       ||    53
Dodge: Dodged            |    90 |    69 |       ||   159

Table legend: (Time is in decaauts)
 A = Elapsed time spent in this place.
 B = Non-inter-level travel time spent in this place.
 C = Inter-level travel time spent in this place.
 D = Time resting spent in this place.
 E = Time spent auto-exploring this place.
 F = Levels seen in this place.
 G = Mean time per level.
                   A        B        C        D        E       F      G
               +--------+--------+--------+--------+--------+-----+--------+
         Total |   5134 |   4855 |    279 |    422 |   3808 |   6 |  855.7 |
       Dungeon |   5051 |   4789 |    262 |    422 |   3750 |   5 | 1010.2 |
        Temple |     82 |     66 |     16 |      0 |     58 |   1 |   82.0 |
               +--------+--------+--------+--------+--------+-----+--------+

Top non-repeatable levels by time:
     D:1: 1549 daAuts
     D:3: 1116 daAuts
     D:2: 1047 daAuts
     D:4: 925 daAuts
     D:5: 413 daAuts
  Temple: 82 daAuts
